 Dungeon Crawl Stone Soup version 0.29.1-13-g9f3cf754e1 (webtiles) character file.

Game seed: 11797731460708127184

611 nightchill the Gusty (level 7, -2/40 HPs)
             Began as a Tengu Air Elementalist on Feb 3, 2023.
             Slain by Edmund
             ... wielding a +2 dire flail of protection
              (17 damage)
             ... on level 4 of the Dungeon.
             The game lasted 00:12:23 (4353 turns).

nightchill the Gusty (Tengu Air Elementalist)       Turns: 4353, Time: 00:12:24

Health: -2/40      AC:  2    Str:  8    XL:     7   Next: 43%
Magic:  1/11       EV: 14    Int: 17    God:
Gold:   142        SH:  0    Dex: 15    Spells: 5/10 levels left

rFire   . . .      SeeInvis .   u - +0 dagger (holy)
rCold   . . .      Faith    .   (no shield)
rNeg    . . .      Spirit   .   w - +0 robe
rPois   .          Reflect  .   (helmet restricted)
rElec   .          Harm     .   (no cloak)
rCorr   .          Rampage  .   (no gloves)
Will    .....                   (boots unavailable)
Stlth   +++.......              (no amulet)
HPRegen 0.13/turn               (no ring)
MPRegen 0.12/turn               (no ring)

@: flying quickly and evasively, quick
A: beak, talons 3, nimble flight
a: no special abilities


You were on level 4 of the Dungeon.
You visited 1 branch of the dungeon, and saw 4 of its levels.

You collected 142 gold pieces.

Inventory:

Hand Weapons
 a - a +2 short sword of electrocution
 c - a +0 short sword
 k - a +2 short sword of speed
 u - a +0 dagger of holy wrath (weapon)
Missiles
 f - 4 javelins
Armour
 w - a +0 robe (worn)
Jewellery
 s - a ring of see invisible
Wands
 z - a wand of paralysis (5)
Scrolls
 e - a scroll of silence {unknown}
 h - 2 scrolls of identify {unknown}
 i - a scroll of teleportation
 j - a scroll of summoning {unknown}
 n - a scroll of fog {unknown}
 o - 2 scrolls of vulnerability {unknown}
 p - a scroll of poison {unknown}
 q - a scroll of immolation {unknown}
 y - a scroll of torment {unknown}
Potions
 b - a potion of magic
 d - a potion of curing {unknown}
 g - 2 potions of lignification {unknown}
 l - a potion of might {unknown}
 m - 2 potions of attraction {unknown}
 r - a potion of mutation {unknown}
 t - a potion of heal wounds {unknown}
 v - a potion of ambrosia {unknown}
 x - 2 potions of experience {unknown}


   Skills:
 + Level 2.9 Fighting
 * Level 4.7 Short Blades
 - Level 2.1 Dodging
 - Level 4.0 Stealth
 - Level 2.4 Spellcasting
 - Level 1.3 Conjurations
 + Level 6.6 Air Magic


You had 5 spell levels left.
You knew the following spells:

 Your Spells              Type           Power      Damage    Failure   Level
a - Shock                 Conj/Air       60%        1d6       3%          1
b - Airstrike             Air            12%        2d(2-18)  12%         4

Your spell library contained the following spells:

 Spells                   Type           Power      Damage    Failure   Level
 Swiftness                Air            24%        N/A       3%          3
 Static Discharge         Conj/Air       15%        3-5/arc   5%          2
 Ensorcelled Hibernation  Hex/Ice        4%         N/A       28%         2
 Passwall                 Tmut/Erth      1%         N/A       28%         2
 Summon Guardian Golem    Hex/Summ       2%         N/A       50%         3
 Orb of Destruction       Conj           3%         9d5       100%        7
 Spellforged Servitor     Conj/Summ      2%         N/A       100%        7


Dungeon Overview and Level Annotations

Branches:
Dungeon (4/15)
 Temple: D:4-7

Altars:
Yredelemnul

Annotations:
D:2 exclusion: downstairs
D:3 exclusion: downstairs
D:4 Dowan, Duvessa, Edmund


Innate Abilities, Weirdness & Mutations

You have a beak for a mouth.
You have claws for feet.
Your magical nature lets you fly swiftly and evasively.


Message History

Confirm with . or Enter, or press ? or * to list all spells.
Aiming: Shock (safe; 3% risk of failure)
Press: ? - help, Shift-Dir - straight line, f/p - Edmund
Aim: Edmund, wielding a +2 dire flail of protection and wearing a +0 ring mail (almost dead, 75% to hit)
The zap misses Edmund.
Edmund misses you.
Casting: Shock (safe; 3% risk of failure)
Confirm with . or Enter, or press ? or * to list all spells.
Aiming: Shock (safe; 3% risk of failure)
Press: ? - help, Shift-Dir - straight line, f/p - Edmund
Aim: Edmund, wielding a +2 dire flail of protection and wearing a +0 ring mail (almost dead, 75% to hit)
The zap hits Edmund but does no damage.
Edmund is almost dead.
Edmund completely misses you.
Casting: Shock (safe; 3% risk of failure)
Confirm with . or Enter, or press ? or * to list all spells.
Aiming: Shock (safe; 3% risk of failure)
Press: ? - help, Shift-Dir - straight line, f/p - Edmund
Aim: Edmund, wielding a +2 dire flail of protection and wearing a +0 ring mail (almost dead, 75% to hit)
The zap misses Edmund.
Edmund closely misses you.
You hit Edmund but do no damage. Your kick misses Edmund.
You peck Edmund, but do no damage.
Edmund is almost dead.
Edmund hits you with a +2 dire flail of protection!
You hit Edmund but do no damage. You claw Edmund, but do no damage.
Edmund is almost dead.
Edmund hits you with a +2 dire flail of protection.
You hit Edmund but do no damage. You claw Edmund, but do no damage.
You peck Edmund, but do no damage.
Edmund is almost dead.
Edmund hits you with a +2 dire flail of protection!
* * * LOW HITPOINT WARNING * * *
You hit Edmund but do no damage. Your kick misses Edmund.
Your peck misses Edmund.
Edmund is almost dead.
Aiming: Paralyse
Press: ? - help, Shift-Dir - straight line, f/p - Edmund
Aim: Edmund, wielding a +2 dire flail of protection and wearing a +0 ring mail (almost dead, chance to affect: 49%) Edmund resists with some effort.
Edmund hits you with a +2 dire flail of protection!
You die...

### #..
#.########
#.#..#...#
#.#..#.#.#
#..@@....#
####.#.<....#
#.......#.#.#
#.##......#.#
#.#########.#####
#.##............#
#.##.######.###.#
#.##.# #.# #.#
#.##.# #.###.#


You could see Edmund.

Vanquished Creatures
  Grinder (D:3)
  Menkaure (D:4)
  2 orc priests
  Natasha (thrice) (D:2)
  A hound zombie (D:3)
  A gnoll (D:1)
  7 adders
  3 dart slugs
  7 orcs (D:3)
  6 ball pythons
  2 bats (D:1)
  9 endoplasms
  4 giant cockroaches
  9 goblins
  7 hobgoblins
  2 jackals (D:2)
  4 quokkas
  A ball python zombie (D:3)
  6 frilled lizards
  5 kobolds
  6 rats
87 creatures vanquished.

Vanquished Creatures (others)
  A demonic plant (D:1)
1 creature vanquished.

Grand Total: 88 creatures vanquished

Notes
Turn   | Place    | Note
-------+----------+-------------------------------------------
     0 | D:1      | nightchill the Tengu Air Elementalist began the quest for
                  | the Orb.
     0 | D:1      | Reached XP level 1. HP: 10/10 MP: 4/4
   320 | D:1      | Reached XP level 2. HP: 15/15 MP: 1/6
   548 | D:1      | Reached XP level 3. HP: 19/19 MP: 2/7
   854 | D:1      | Found a faded altar of an unknown god.
   859 | D:1      | Reached skill level 5 in Air Magic
  1240 | D:2      | Noticed Natasha
  1245 | D:2      | Killed Natasha
  1246 | D:2      | Reached skill level 1 in Short Blades
  1246 | D:2      | Reached XP level 4. HP: 23/24 MP: 6/8
  1332 | D:2      | Noticed Natasha
  1339 | D:2      | Killed Natasha
  1340 | D:2      | Reached skill level 1 in Fighting
  1473 | D:2      | Noticed Natasha
  1481 | D:2      | Killed Natasha
  1482 | D:2      | Gained mutation: Your magical nature lets you fly swiftly
                  | and evasively. [Tengu growth]
  1482 | D:2      | Reached XP level 5. HP: 29/29 MP: 2/9
  2370 | D:2      | HP: 1/29 [frozen (2)]
  2922 | D:3      | Reached XP level 6. HP: 35/35 MP: 10/10
  2959 | D:3      | Noticed Grinder
  3193 | D:3      | Paralysed by Grinder for 5 turns
  3213 | D:3      | Killed Grinder
  3214 | D:3      | Reached skill level 6 in Air Magic
  3430 | D:3      | Reached XP level 7. HP: 35/40 MP: 11/11
  3677 | D:3      | Learned a level 4 spell: Airstrike
  3683 | D:3      | Found a basalt altar of Yredelemnul.
  3800 | D:4      | Noticed Menkaure
  3807 | D:4      | Killed Menkaure
  3970 | D:4      | Noticed Duvessa
  3970 | D:4      | Noticed Dowan
  4246 | D:4      | Noticed Edmund
  4353 | D:4      | Slain by Edmund

Illustrated notes

Levels and vault maps discovered:
D:1:      kilobyte_arrival_exit_the_forest, layout_rooms,
          shapermc_ecumenical_altar_gd
D:2:      layout_basic, uniq_natasha
D:3:      layout_loops_ring, lemuel_zombie_altar_yredelemnul, uniq_grinder
D:4:      old_forge, layout_basic, nicolae_uskayaw_murder_on_the_dancefloor,
          uniq_duvessa, uniq_sigmund, uniq_edmund, uniq_menkaure

Skill      XL: |  1  2  3  4  5  6 |
---------------+-------------------+-----
Air Magic      | 5 6 |  6.6
Short Blades   | 1 2 4 |  4.7
Fighting       | 1 2 |  2.9
Stealth        | 3 4 |  4.0
Dodging        | |  2.1
Spellcasting   | |  2.4
Conjurations   | |  1.3

Action                   |  1- 3 |  4- 6 |  7- 9 || total
-------------------------+-------+-------+-------++-------
Melee: Short sword       |    20 |    63 |    11 ||    94
       Unarmed           |     3 |       |       ||     3
       Kick              |     7 |     8 |    12 ||    27
       Peck              |       |     7 |     6 ||    13
       Dagger            |       |       |    26 ||    26
 Cast: Shock             |    33 |    59 |    22 ||   114
       Airstrike         |       |       |     4 ||     4
Evoke: Wand              |       |       |     1 ||     1
  Use: Scroll            |       |     1 |       ||     1
 Stab: Sleeping          |     8 |     5 |     2 ||    15
       Distracted        |       |     1 |       ||     1
Armor: Robe              |     4 |     8 |     3 ||    15
Dodge: Dodged            |    24 |    53 |    26 ||   103
